 Dungeon Crawl Stone Soup version 0.28.0-53-g5a82cb258f (webtiles) character file.

Game seed: 6877441734835674375

37 concernfroge the Conjurer (level 3, 0/19 HPs)
             Began as a Deep Elf Conjurer on June 26, 2022.
             Slain by a gnoll
             ... wielding a +0 club
              (1 damage)
             ... on level 3 of the Dungeon.
             The game lasted 00:03:35 (1570 turns).

concernfroge the Conjurer (Deep Elf Conjurer)       Turns: 1570, Time: 00:03:36

Health: 0/19       AC:  2    Str: 10    XL:     3   Next: 23%
Magic:  10/10      EV: 12    Int: 24    God:
Gold:   97         SH:  0    Dex: 13    Spells: 4/10 levels left

rFire   . . .      SeeInvis .   i - +9 dagger "Fypumpu" {vorpal, Str+6}
rCold   . . .      Faith    .   (no shield)
rNeg    . . .      Spirit   .   a - +0 robe
rPois   .          Reflect  .   (no helmet)
rElec   .          Harm     .   (no cloak)
rCorr   .          Rampage  .   (no gloves)
Will    .....                   (no boots)
Stlth   ++........              (no amulet)
HPRegen 0.06/turn               (no ring)
MPRegen 0.12/turn               (no ring)

@: no status effects
A: no striking features
a: no special abilities


You were on level 3 of the Dungeon.
You visited 1 branch of the dungeon, and saw 3 of its levels.

You collected 97 gold pieces.

Inventory:

Hand Weapons
 i - the +9 dagger "Fypumpu" (weapon) {vorpal, Str+6}
   (You found it on level 2 of the Dungeon)

   It inflicts extra damage upon your enemies.
   Str:       It affects your strength (+6).
Armour
 a - a +0 robe (worn)
Scrolls
 f - a scroll of summoning {unknown}
 g - 3 scrolls of identify {unknown}
 j - a scroll of brand weapon {unknown}
Potions
 b - a potion of degeneration {unknown}
 c - a potion of attraction {unknown}
 e - a potion of berserk rage {unknown}
 h - 2 potions of heal wounds {unknown}


   Skills:
 - Level 2.4 Dodging
 - Level 2.4 Stealth
 + Level 4.2 Spellcasting
 + Level 5.0 Conjurations
 + Level 0.0 Hexes


You had 4 spell levels left.
You knew the following spells:

 Your Spells              Type           Power      Damage    Failure   Level
a - Magic Dart            Conj           100%       1d8       1%          1
b - Searing Ray           Conj           58%        2d6       1%          2
c - Dazzling Flash        Conj/Hex       34%        N/A       10%         3

Your spell library contained the following spells:

 Spells                   Type           Power      Damage    Failure   Level
 Fulminant Prism          Conj/Hex       8%         3d7       32%         4
 Iskenderun's Mystic Bla  Conj/Tloc      17%        2d5       32%         4


Dungeon Overview and Level Annotations

Branches:
Dungeon (3/15)

Altars:

Annotations:
D:3 Sigmund


Message History

Magic restored.
You open the door.
There is an open door here.
There is an open door here.
Sigmund and an adder come into view.
Sigmund shouts!
Sigmund casts a spell at you. The puff of flame hits you!
Okay, then.
There is an open door here.
There is a stone staircase leading up here.
Sigmund casts a spell.
Sigmund flickers and vanishes!
Deactivating autopickup; reactivate with Ctrl-A.
You climb upwards.
Reactivating autopickup.
There is a stone staircase leading down here.
You start resting.
HP restored.
You enter the shallow water.
Moving in this stuff is going to be slow.
There is a stone staircase leading down here.
You climb downwards.
Level annotation: Sigmund The gnoll shouts! x2; The goblin shouts!
The gnoll shouts! x2
You hear a shout! x8
A hobgoblin comes into view.
The gnoll hits you with a +0 club! The gnoll hits you with a +0 whip.
The gnoll hits you from afar with a +0 spear.
* * * LOW HITPOINT WARNING * * *
The gnoll hits you with a +0 spear.
* * * LOW HITPOINT WARNING * * *
Found a fizzy coppery potion.
Found a stone staircase leading down.
There is a stone staircase leading up here.
As you read the scroll labelled NECSIL MEZAD, it crumbles to dust.
You hear a loud clanging noise!
It was a scroll of noise.
You hear a shout! x4
The goblin misses you. The gnoll hits you with a +0 club.
You die...

#
.##########..##
..!...gggg.....
g.....g@#
#######.# #.#
#.# #.# #.# ..#
###


You could see 4 gnolls, a hobgoblin and a goblin.

Vanquished Creatures
  2 adders (D:2)
  A worm (D:2)
  2 dart slugs (D:2)
  2 bats
  An endoplasm (D:1)
  A quokka (D:1)
  A ball python (D:2)
  5 kobolds (D:1)
  A rat (D:2)
16 creatures vanquished.

Notes
Turn   | Place    | Note
-------+----------+-------------------------------------------
     0 | D:1      | concernfroge the Deep Elf Conjurer began the quest for the
                  | Orb.
     0 | D:1      | Reached XP level 1. HP: 10/10 MP: 6/6
   470 | D:1      | Reached XP level 2. HP: 15/15 MP: 5/8
   473 | D:1      | Learned a level 2 spell: Searing Ray
   686 | D:1      | Found a faded altar of an unknown god.
   891 | D:2      | Identified the +9 dagger "Fypumpu" {vorpal, Str+6}
  1125 | D:2      | Reached skill level 5 in Conjurations
  1128 | D:2      | Reached XP level 3. HP: 19/19 MP: 3/10
  1132 | D:2      | Learned a level 3 spell: Dazzling Flash
  1407 | D:3      | Noticed Sigmund
  1570 | D:3      | Slain by a gnoll

Illustrated notes

Levels and vault maps discovered:
D:1:      minmay_arrival_stone_box, layout_basic,
          dilly_ecumenical_altar_fadedgnrine, chequers_mini_garden
D:2:      layout_rooms, serial_bayou_pond_d
D:3:      minmay_razor_zed, layout_basic, serial_shops,
          nicolae_shop_advertising_works [nicolae_subvault_shop_adworks],
          grunt_decor_arrowhead, uniq_sigmund, uniq_robin

Skill      XL: |  1  2 |
---------------+-------+-----
Spellcasting   | 4 |  4.2
Conjurations   | 5 |  5.0
Dodging        | |  2.4
Stealth        | |  2.4

Action                   || total
-------------------------++-------
 Cast: Magic Dart        ||    32
       Searing Ray       ||     1
  Use: Scroll            ||     1
Dodge: Dodged            ||     3
